 Dungeon Crawl Stone Soup version 0.14-a0-1663-g0b35444 (webtiles) character file.

774156 M4edhros the Devastator (level 27, 0/159 (166) HPs)
             Began as an Octopode Venom Mage on Dec 28, 2013.
             Was the Champion of Jiyva.
             Slain by an air elemental (10 damage)
             ... led by a spriggan air mage
             ... on Level 5 of the Enchanted Forest on Dec 30, 2013.
             The game lasted 12:04:15 (135682 turns).

M4edhros the Devastator (Octopode Venom Mage)     Turns: 135682, Time: 12:04:15

HP   0/159 (166) AC  3     Str 16      XL: 27
MP  17/66        EV 15     Int 51      God: Jiyva [******]
Gold 5317        SH  8     Dex 10      Spells: 12 memorised,  3 levels left

rFire  + + +     SeeInvis .     I - staff of power
rCold  + + .     Clarity  .     v - -1 buckler {rC+ rF+}
rNeg   . . .     Conserve +     k - +2 wizard hat {Int+3}
rPois  .         rCorr    +     g - amulet of conservation
rElec  +         rRot     .     J - +5 ring of intelligence
SustAb + .       Spirit   .     M - ring of sustain abilities
rMut   .         Warding  .     O - ring of the Mage {Wiz MR+ Int+3}
Saprov . . .     Stasis   .     F - ring of Loge {+Rage +Fly rElec rF+ Int+3}
                                d - +5 ring of intelligence
                                A - ring of Teor {rF+ rC+ MP+9}
                                R - ring of Zofaziaph {EV-3 Str+5 Int+3}
                                b - ring of wizardry

@: about to teleport, very poisoned, very slightly contaminated, extremely
resistant to hostile enchantments, very stealthy
A: almost no armour, amphibious, 8 rings, constrict 8, camouflage 1, wild magic
1, gelatinous body 1
a: Request Jelly, Jelly Paralyse, Slimify, Cure Bad Mutation, Renounce Religion,
Evoke Berserk Rage, Evoke Flight
}: 3/15 runes: barnacled, silver, gossamer


You were on level 5 of the Enchanted Forest.
You worshipped Jiyva.
Jiyva was exalted by your worship.
You were completely stuffed.

You visited 10 branches of the dungeon, and saw 62 of its levels.
You visited the Abyss 3 times.
You also visited: Ice Cave and Wizlab.

You collected 9214 gold pieces.
You spent 3897 gold pieces at shops.

Inventory:

Hand weapons
 c - a cursed +2,+2 elven short sword of electrocution
Missiles
 X - 301 arrows
Armour
 k - a +2 wizard hat of intelligence (worn)
 r - a cursed +2 fire dragon armour
 v - a -1 buckler of resistance (worn)
Magical devices
 e - a wand of heal wounds (9)
 p - a wand of disintegration (14)
 s - a wand of teleportation (6)
 x - a wand of hasting (4)
 y - a wand of digging (13)
Comestibles
 B - 2 meat rations
Scrolls
 l - 5 scrolls of fog
 m - 2 scrolls of immolation
 n - a scroll of fear
 u - 2 scrolls of amnesia
 G - 4 scrolls of enchant weapon II
Jewellery
 b - a ring of wizardry (on tentacle)
 d - a +5 ring of intelligence (on tentacle)
 g - an amulet of conservation (around mantle)
 i - an uncursed ring of poison resistance
 w - a +5 ring of evasion
 z - an uncursed ring of regeneration
 A - the ring of Teor (on tentacle) {rF+ rC+ MP+9}
   (You found it on level 8 of the Lair of Beasts)

   [ring of magical power]

   It protects you from fire.
   It protects you from cold.
 C - a cursed ring of wizardry
 D - a cursed ring of see invisible
 F - the ring of Loge (on tentacle) {+Rage +Fly rElec rF+ Int+3}
   (You took it off a deep elf demonologist on level 3 of the Elven Halls)

   [ring of intelligence]

   It affects your intelligence (+3).
   It protects you from fire.
   It insulates you from electricity.
   It lets you fly.
   It lets you go berserk.
 J - a +5 ring of intelligence (left tentacle)
 M - a ring of sustain abilities (right tentacle)
 O - the ring of the Mage (on tentacle) {Wiz MR+ Int+3}
   (You bought it in a shop on level 2 of the Elven Halls)

   [ring of wizardry]

   It affects your intelligence (+3).
   It affects your resistance to hostile enchantments.
 R - the ring of Zofaziaph (on tentacle) {EV-3 Str+5 Int+3}
   (You took it off a vault guard on level 5 of the Vaults)

   [ring of evasion]

   It affects your evasion (-3).
   It affects your strength (+5).
   It affects your intelligence (+3).
Potions
 j - 5 potions of curing
 t - a potion of resistance
 H - 2 potions of speed
 K - a potion of cure mutation
Books
 N - a book of the Warp

   Spells                             Type                      Level
   Recall                             Summoning/Translocation      3
   Control Teleport                   Charms/Translocation         4
   *Phase Shift                       Translocation                5
   Warp Weapon                        Charms/Translocation         5
   Dispersal                          Translocation                6
   Controlled Blink                   Translocation                7
   Disjunction                        Translocation                8
Magical staves
 f - an uncursed staff of wizardry
 I - an uncursed staff of power (weapon)
Miscellaneous
 E - a lantern of shadows
 L - a legendary deck of war
 U - a crystal ball of energy
Rods
 h - a +1 rod of venom (11/11)
   (You found it on level 16 of the Dungeon)
 o - a cursed -3 rod of frigid destruction (14/14)
   (You took it off a vault guard on level 5 of the Vaults)
 q - a +9 rod of inaccuracy (15/15)
   (You found it on level 4 of the Realm of Zot)
 S - a +1 rod of the swarm (13/13)
   (You found it on level 5 of the Enchanted Forest)


   Skills:
 + Level 8.4 Fighting
 - Level 14.0 Dodging
 - Level 2.6 Stealth
 - Level 4.4 Shields
 * Level 21.1 Spellcasting
 + Level 22.3 Conjurations
 - Level 7.0 Charms
 - Level 5.2 Summonings
 - Level 15.1 Necromancy
 + Level 1.4 Translocations
 - Level 13.2 Transmutations
 + Level 22.2 Ice Magic
 - Level 9.2 Air Magic
 - Level 7.0 Earth Magic
 - Level 12.7 Poison Magic
   Level 10.9 Invocations
 * Level 19.4 Evocations


You had 3 spell levels left.
You knew the following spells:

 Your Spells              Type           Power        Failure   Level  Hunger
a - Ice Storm             Conj/Ice       #########.   2%          9    None
b - Swiftness             Chrm/Air       ########     1%          2    None
c - Poisonous Cloud       Conj/Pois/Air  ########..   1%          6    None
d - Regeneration          Chrm/Necr      ########..   1%          3    None
e - Lehudib's Crystal Sp  Conj/Erth      ########..   3%          8    None
f - Haste                 Chrm           ########     1%          6    None
g - Deflect Missiles      Chrm/Air       ########..   1%          6    None
h - Poison Arrow          Conj/Pois      ########..   1%          6    None
i - Ignite Poison         Fire/Trmt      ########..   1%          5    None
j - Phase Shift           Tloc           #######...   3%          5    None
k - Haunt                 Necr/Summ      ########..   2%          7    None
l - Blink                 Tloc           N/A          1%          2    None


Dungeon Overview and Level Annotations

Branches:
Dungeon (16/16)            Temple (0/1) D:5             Orc (4/4) D:10
    Elf (3/3) Orc:4          Lair (8/8) D:10         Shoals (5/5) Lair:3
 Spider (5/5) Lair:5        Slime (0/6) Lair:8       Vaults (5/5) D:15
  Blade (0/1) Vaults:3       Tomb (0/3) Forest:2        Zot (5/5) Depths:6
 Forest (5/5) Vaults:2     Depths (6/6) D:16

Altars:
Ashenzari
Cheibriados
Elyvilon
Fedhas
Kikubaaqudgha
Makhleb
Vehumet
Yredelemnul
Zin
the Shining One
Beogh
Jiyva
Lugonu

Shops:
D:9 ?   Orc:4 :([*   Elf:2 =   Elf:3 [[   Shoals:2 }   Depths:1 *   Depths:5 *(

Portals:
Hell: Depths:1 Depths:2 Depths:3 Depths:4 Depths:5 Depths:6
Abyss: Depths:3 Depths:4 Depths:6
Ziggurat: Depths:4
Trove: D:11 (give +5 fire dragon armour)

Annotations:
Shoals:5 exclusion: alligator snapping turtle
Zot:1 exclusion: door
Zot:5 exclusion: 2 silver statues
Forest:5 exclusion: oklob plant


Innate Abilities, Weirdness & Mutations

You cannot wear most types of armour.
You are amphibious.
You can wear up to eight rings at the same time.
You can use your tentacles to constrict many enemies at once.
Your skin changes colour to match your surroundings (Stlth).
Your rubbery body absorbs attacks (AC +1).
Your spells are a little harder to cast, but a little more powerful.


Message History

Okay, then.
Casting: Ice Storm
Confirm with . or Enter, or press ? or * to list all spells.
Aiming: Haste
Press: ? - help, Shift-Dir - straight line, f - you You miscast Haste.
You are very lightly contaminated with residual magic.
You feel a strange surge of energy!
You feel sick. The air elemental hits you!
* * * LOW HITPOINT WARNING * * *
The air elemental hits you!
* * * LOW HITPOINT WARNING * * *
The spriggan rider hits you from afar with a spear of venom.
* * * LOW HITPOINT WARNING * * *
You are more poisoned.
You block the air elemental's attack.
The spriggan air mage waves its arms in wide circles.
The air twists around and strikes you!
* * * LOW HITPOINT WARNING * * *
The air elemental hits you!
You die...

...§i§§§♣ ♣♣♣♣§..§♣.♣
♣♣♣[♣♣§.§♣♣♣ ♣♣
♣..)§.§...♣♣ ♣♣♣♣ ≈
♣♣..%....♣♣♣♣♣♣.♣♣
≈≈.♣♣♣....♣♣.P♣♣♣♣♣.♣♣
≈≈≈♣♣♣♣.i♣♣♣♣.♣.♣♣♣.♣♣
≈≈≈≈≈≈≈.Y(..i..♣....♣♣♣
≈≈≈≈...≈@E♣♣♣♣..♣♣♣♣.♣♣
≈≈P..≈≈..E≈≈≈♣..♣♣♣♣.♣♣
.PPP≈≈....P≈≈....♣♣♣♣♣
♣.PPP≈..♣♣♣♣≈≈...♣♣♣♣♣
♣.PPP.♣.♣♣♣♣♣≈....♣
.P.PP♣♣. ♣♣≈.....[
♣♣♣P......≈♣♣♣♣...
♣♣.......≈♣♣♣♣..
.♣♣♣...≈.♣♣


You could see a treant, an apis, a thorn hunter, 2 spriggan riders, a spriggan
air mage and 2 air elementals.

Vanquished Creatures
  5 orbs of fire
  Tiamat (Zot:2)
  3 ancient liches (Zot:5)
  Saint Roka (Vaults:4)
  Margery (Depths:3)
  2 Killer Klowns (Zot:5)
  Mara (Spider:3)
  Mennas (Forest:1)
  The ghost of Petitchka the Fencer, a great DsBe of Makhleb (Forest:2)
  11 golden dragons
  2 curse toes
  Jory (Forest:3)
  7 bone dragons
  Frederick (Depths:4)
  Nikola (Shoals:5)
  6 electric golems
  The ghost of DasRunzen the Severer, a mighty LOFi of Beogh (Vaults:5)
  A lich (Vaults:2)
  24 Orb Guardians (Zot:5)
  22 tentacled monstrosities
  4 titans
  2 deep elf master archers (Elf:3)
  A Shadow Fiend (Forest:2)
  A quicksilver dragon (shapeshifter) (Vaults:5)
  A deep elf blademaster (Elf:3)
  14 storm dragons
  A thorn hunter (Forest:3)
  Polyphemus (Shoals:3)
  2 krakens
  Rupert (Lair:3)
  Agnes (Shoals:4)
  7 tengu reavers
  8 shadow dragons
  4 draconian monks
  6 draconian knights
  Ilsuiw (Shoals:5)
  A ghost moth (shapeshifter) (Vaults:5)
  7 draconian scorchers
  12 fire giants
  6 ghost moths
  An orc warlord (Vaults:4)
  A fire giant (shapeshifter) (Vaults:4)
  A cacodemon (Depths:3)
  6 deep elf sorcerers
  The ghost of miro the Eclecticist, a powerful DEWz of Vehumet (Shoals:1)
  4 frost giants
  3 iron dragons (Depths:5)
  A tentacled starspawn (Abyss:1)
  Aizul (Vaults:2)
  Louise (Shoals:5)
  3 emperor scorpions (Spider:5)
  2 azure jellies
  6 draconian zealots
  8 vault wardens
  Gastronok (Orc:3)
  58 stone giants
  Jorgrun (Shoals:5)
  A reaper (Zot:3)
  7 draconian annihilators
  A draconian shifter (Zot:4)
  3 vampire knights
  7 ancient bears
  4 grey draconians
  5 draconian callers
  5 treants
  13 oklob plants
  An apis (Forest:3)
  13 elemental wellsprings
  12 green draconians
  A lorocyproca (Abyss:1)
  7 deep elf demonologists
  11 pale draconians
  10 purple draconians
  6 red draconians
  8 mottled draconians
  7 white draconians
  9 deep elf annihilators
  8 black draconians
  3 merfolk javelineers
  6 dire elephants
  A satyr (Forest:4)
  7 yellow draconians
  A blizzard demon (Abyss:1)
  23 ettins
  6 deep elf death magi
  17 vault guards
  Snorg (Spider:1)
  6 spriggan air magi
  2 minotaurs
  7 merfolk impalers
  The ghost of Bastard the Bludgeoner, a powerful LOFi of Okawaru (Lair:4)
  4 sirens
  22 fire dragons
  4 deep elf high priests
  5 merfolk aquamancers
  2 great orbs of eyes
  Fannar (Lair:1)
  24 ice dragons
  12 ironheart preservers
  Josephine (D:16)
  38 yaktaur captains
  A ravenous item mimic (Forest:3)
  16 death cobs
  An anaconda (Forest:1)
  Erica (D:10)
  An alligator snapping turtle (Shoals:5)
  19 deep troll earth magi
  17 ogre magi
  2 ravenous feature mimics
  4 spriggan berserkers
  A thrashing horror (Abyss:1)
  A spriggan enchanter (Forest:5)
  4 death yaks
  20 hydras
  3 rakshasas
  14 deep troll shamans
  3 spectral elves (Elf:3)
  3 spriggan druids (Forest:3)
  2 dancing weapons (Vaults:3)
  3 tengu warriors
  A soul eater (Zot:3)
  35 centaur warriors
  2 sun demons
  2 wretched stars (Abyss:1)
  4 naga warriors
  Urug (D:10)
  3 orc high priests
  2 fire crabs (shapeshifter)
  A swamp dragon (Zot:4)
  13 very ugly things
  Nergalle (Orc:4)
  A shadow wraith (D:15)
  An iron golem (Depths:3)
  22 deep elf knights
  2 fire crabs
  6 dryads
  3 catoblepae
  35 hell knights
  A spatial maelstrom (Abyss:1)
  10 water nymphs
  2 large abominations (Abyss:1)
  A shadow demon (Depths:6)
  A giant orange brain (shapeshifter) (Elf:1)
  10 iron trolls
  8 skeletal warriors
  5 unseen horrors
  2 flayed ghosts
  A death drake (Abyss:1)
  11 sea snakes
  A sea snake (shapeshifter) (Depths:5)
  A lindwurm (shapeshifter) (Depths:2)
  38 deep trolls
  8 elephants
  3 ice statues (IceCv)
  18 orc knights
  A giant orange brain (Vaults:3)
  A golden dragon skeleton (Depths:2)
  2 giant amoebae (Vaults:4)
  16 hill giants
  4 phantasmal warriors
  10 ironbrand convokers
  15 fauns
  A harpy (shapeshifter) (Vaults:4)
  2 deathcaps (Zot:5)
  16 deep elf conjurers
  9 necromancers
  A crystal golem (Depths:3)
  23 harpies
  12 wandering mushrooms
  13 griffons
  A wizard (Depths:4)
  4 orc sorcerers
  A griffon (shapeshifter) (Depths:2)
  31 wolf spiders
  13 blink frogs
  23 moths of wrath
  2 octopodes (shapeshifter)
  A hell beast (Depths:2)
  A shining eye (shapeshifter) (Elf:3)
  A fire giant zombie (Vaults:3)
  A spiny worm (Vaults:2)
  A cyclops (shapeshifter) (Depths:6)
  4 black mambas
  2 sixfirhies
  8 cyclopes
  A stone giant skeleton (Depths:3)
  2 black mambas (shapeshifter)
  A moth of wrath (shapeshifter) (Depths:2)
  5 red wasps
  Maurice (Orc:3)
  A draconian (shapeshifter) (Depths:1)
  2 elephants (shapeshifter)
  A storm dragon simulacrum (Depths:3)
  10 vault sentinels
  6 spiny frogs
  3 octopodes
  An item mimic (D:9)
  An eye of devastation (shapeshifter) (Vaults:4)
  2 spirit wolves (Forest:2)
  A fire drake (Lair:8)
  9 deep elf summoners
  2 orange demons
  9 boulder beetles
  3 vapours
  A mermaid (shapeshifter) (Depths:2)
  21 orb spiders
  A feature mimic (Elf:1)
  82 yaktaurs
  2 yaktaurs (shapeshifter)
  14 demonic crawlers
  A guardian mummy (Forest:2)
  14 mermaids
  A green draconian skeleton (Zot:4)
  11 jumping spiders
  2 red devils
  36 giant fireflies
  2 fire drakes (shapeshifter)
  2 naga magi
  54 spriggans
  2 blue devils (Depths:3)
  2 hellwings
  A formicid venom mage (Spider:5)
  32 two-headed ogres
  10 trolls
  13 deep elf priests
  An iron devil (Depths:2)
  4 komodo dragons
  An ancient zyme (Abyss:1)
  2 tengu conjurers
  3 giant fireflies (shapeshifter)
  3 wind drakes
  A polar bear (Lair:5)
  A komodo dragon (shapeshifter) (Depths:2)
  A queen bee (shapeshifter) (D:15)
  17 thorn lotuses
  A baby alligator (shapeshifter) (Depths:1)
  23 slime creatures
  A hydra skeleton (D:15)
  A frost giant simulacrum (Vaults:3)
  3 grizzly bears
  A basilisk (shapeshifter) (Depths:1)
  A brown ooze (shapeshifter) (Vaults:2)
  31 deep elf magi
  A fire giant simulacrum (Vaults:3)
  2 vampires
  3 formicids
  12 snapping turtles
  A guardian serpent skeleton (Abyss:1)
  2 griffon skeletons (D:14)
  34 yaks
  48 redbacks
  An ettin skeleton (Depths:3)
  2 basilisks
  An ice dragon skeleton (D:16)
  A tarantella (shapeshifter) (Depths:1)
  19 trapdoor spiders
  23 water elementals
  4 shadows
  31 sharks
  30 tarantellas
  15 air elementals
  A hippogriff (shapeshifter) (Vaults:5)
  A hungry ghost (D:15)
  79 ugly things
  3 ynoxinuls
  A chaos spawn (Abyss:1)
  An elephant slug (Lair:8)
  A merfolk (shapeshifter) (Depths:1)
  A wraith (D:9)
  A yak (shapeshifter) (Depths:4)
  18 vampire mosquitoes
  14 wolves
  3 wyverns
  A neqoxec (Abyss:1)
  4 swamp worms (Spider:2)
  38 deep elf fighters
  19 hippogriffs
  59 merfolk
  A human zombie (Depths:5)
  4 mottled dragons
  14 manticores
  A steam dragon (Lair:8)
  A soldier ant (D:13)
  A deep troll skeleton (Vaults:3)
  6 freezing wraiths
  5 porcupines
  2 black bears (shapeshifter)
  9 ice beasts
  A red wasp simulacrum (D:16)
  2 sky beasts
  2 black bears
  56 orc warriors
  A dwarf (shapeshifter) (Vaults:1)
  4 tengu (Depths:1)
  3 phantoms
  19 giant goldfish
  3 small abominations (Abyss:1)
  8 yellow wasps
  An ettin simulacrum (Depths:3)
  59 ogres
  A boring beetle (shapeshifter) (Vaults:1)
  9 wargs
  29 centaurs
  3 nagas
  A rotting devil (Depths:6)
  A warg (shapeshifter) (Vaults:5)
  A boring beetle (Lair:6)
  A crocodile (shapeshifter) (Depths:3)
  9 water moccasins
  A brain worm (shapeshifter) (Depths:5)
  3 brain worms
  16 giant frogs
  A giant slug (shapeshifter) (Depths:5)
  5 big kobolds
  9 crocodiles
  7 giant slugs
  A yaktaur skeleton (D:13)
  7 agate snails
  4 cyclops skeletons
  2 glowing shapeshifter simulacra (Vaults:3)
  A komodo dragon skeleton (D:15)
  A manticore skeleton (D:13)
  A wyvern skeleton (D:9)
  An eye of draining (D:12)
  2 wights
  22 jellyfish
  A hippogriff skeleton (D:8)
  12 killer bees
  17 electric eels
  2 pulsating lumps (Abyss:1)
  29 spiders
  A quasit (Depths:6)
  7 crimson imps
  4 goliath beetles
  11 hounds
  3 jellies
  A giant frog skeleton (D:11)
  20 big fish
  2 centaur skeletons
  A basilisk zombie (D:9)
  A giant slug simulacrum (D:16)
  31 orc priests
  5 scorpions
  2 iron imps (Depths:6)
  2 orange rats
  35 orc wizards
  15 iguanas
  10 worker ants
  27 sheep
  A crocodile skeleton (D:11)
  A hound zombie (D:9)
  An ogre skeleton (D:9)
  A mottled dragon skeleton (D:15)
  4 boggarts
  10 mummies (Forest:2)
  33 green rats
  A lemure (Depths:6)
  21 adders
  4 giant centipedes
  3 giant mites
  2 white imps (Depths:6)
  4 ufetubi
  15 worms
  An iguana skeleton (D:7)
  An adder skeleton (D:9)
  4 grey rats (D:5)
  8 giant eyeballs
  6 giant geckos
  166 orcs
  2 ball pythons (D:4)
  5 giant cockroaches
  11 goblins
  15 hobgoblins
  43 jackals
  2 oozes
  12 quokkas
  25 bats
  3 giant newts
  3 giant spores
  An illusory rakshasa (Depths:3)
  35 kobolds
  A lurking horror (Abyss:1)
  An orc zombie (Vaults:3)
  A quokka skeleton (D:4)
  37 rats
  A rat skeleton (D:8)
  6 ballistomycetes (D:6)
  2 butterflies (Forest:1)
  2 fungi (Vaults:5)
  A macabre mass (Elf:3)
  14 plants
  A starspawn tentacle (Abyss:1)
  9 toadstools
3235 creatures vanquished.

Vanquished Creatures (collateral kills)
  Arachne (Spider:3)
  An Orb Guardian (Zot:5)
  A deep elf blademaster (Elf:3)
  2 shadow dragons (Vaults:5)
  Donald (Orc:3)
  Wiglaf (Spider:5)
  An iron dragon (Vaults:5)
  5 deep elf sorcerers (Elf:3)
  An orc warlord (Orc:4)
  2 vault wardens (Vaults:5)
  A draconian caller (Zot:3)
  2 stone giants (Vaults:5)
  5 deep elf demonologists (Elf:3)
  6 deep elf annihilators (Elf:3)
  A merfolk impaler (Shoals:5)
  5 deep elf death magi
  A death cob (Zot:3)
  2 deep elf high priests (Elf:3)
  9 vault guards (Vaults:5)
  2 yaktaur captains (Vaults:5)
  A great orb of eyes (Vaults:5)
  A hydra (Lair:2)
  2 harpies
  An anaconda (shapeshifter) (Vaults:5)
  An ogre mage (Vaults:5)
  A spriggan enchanter (Forest:2)
  6 death yaks (Lair:8)
  A skeletal warrior (D:9)
  2 iron trolls (Vaults:5)
  2 deep elf knights
  2 catoblepae (Lair:8)
  3 wandering mushrooms
  A sea snake (Shoals:5)
  A ball lightning (Depths:4)
  An orb spider (Spider:5)
  A flayed ghost (D:13)
  An unseen horror (D:13)
  A cyclops (Orc:3)
  A giant amoeba (D:13)
  A deep elf conjurer (Elf:3)
  5 elephants
  An elephant (shapeshifter) (Vaults:5)
  2 moths of wrath
  A deep elf summoner (Elf:3)
  4 vault sentinels (Vaults:5)
  6 spiny frogs
  The ghost of Bastard the Carver, an experienced LOBe of Trog (D:5)
  6 black mambas
  A spectral elf (Elf:1)
  A hellwing (Elf:3)
  The ghost of M4edhros the Stinger, an experienced OpVM of Xom (D:6)
  8 yaktaurs (Vaults:5)
  A polar bear (Lair:5)
  3 komodo dragons
  4 two-headed ogres
  A thorn lotus (Forest:2)
  2 trolls
  5 blink frogs
  2 blue devils (Elf:3)
  A boulder beetle (Vaults:5)
  A raven (shapeshifter) (D:15)
  A hydra skeleton (D:10)
  A shadow (Spider:4)
  2 wyverns
  A water elemental (D:12)
  A grizzly bear (shapeshifter) (Vaults:5)
  A ynoxinul (Elf:3)
  2 deep elf magi (Elf:3)
  An ugly thing (Vaults:5)
  15 yaks
  A neqoxec (Elf:3)
  6 hippogriffs
  A hungry ghost (D:13)
  3 vampire mosquitoes (D:13)
  4 merfolk (Shoals:5)
  A hippogriff (shapeshifter) (Vaults:5)
  3 deep elf fighters (Elf:3)
  7 wolves
  A manticore (Shoals:5)
  A freezing wraith (Elf:1)
  4 porcupines
  11 orc warriors
  A phantom (D:4)
  A deep dwarf (D:8)
  7 ice beasts
  A black bear (D:6)
  2 centaurs (D:12)
  2 wargs
  7 crocodiles
  4 giant frogs
  3 ogres
  3 giant slugs
  6 water moccasins
  2 agate snails (Lair:2)
  An eye of draining (D:13)
  7 wights
  A hippogriff skeleton (D:9)
  A troll skeleton (D:9)
  A crimson imp (D:11)
  7 orc priests
  2 quasits
  3 goliath beetles
  A giant frog skeleton (D:12)
  3 jellies
  3 hounds
  7 orange rats
  2 iguanas
  13 orc wizards
  3 sheep
  A worker ant (D:9)
  A killer bee zombie (D:13)
  4 adders
  4 green rats
  A lemure (Elf:1)
  A giant centipede (Lair:4)
  2 ufetubi (Elf:3)
  A worm (D:9)
  A giant gecko (D:9)
  34 orcs
  3 hobgoblins
  9 jackals
  2 quokkas
  3 bats
  5 giant spores
  5 rats
  A plant (Lair:8)
  2 toadstools
380 creatures vanquished.

Vanquished Creatures (others)
  2 eldritch tentacles (Forest:2)
  12 oklob plants
  An ettin (Depths:6)
  A yaktaur captain (Depths:3)
  2 great orbs of eyes
  A deep troll shaman (Depths:6)
  A naga warrior (Depths:6)
  A thrashing horror (Abyss:1)
  A very ugly thing (Depths:5)
  2 deep trolls (Depths:6)
  3 ball lightnings
  A moth of wrath (Zot:2)
  A sixfirhy (Depths:2)
  A redback zombie (D:15)
  2 yaktaurs
  84 wandering mushrooms
  A mermaid (Shoals:5)
  A spriggan (Forest:2)
  A wind drake (Forest:1)
  2 shadows (Vaults:5)
  A grizzly bear (Forest:2)
  A merfolk (Shoals:4)
  An ugly thing (D:16)
  A vampire (Depths:3)
  2 wolves (Forest:1)
  2 deep elf fighters (Elf:1)
  A yellow wasp (Forest:5)
  2 nagas (Depths:6)
  A centaur (Shoals:2)
  2 ogres
  A warg (Vaults:5)
  A big kobold (shapeshifter) (Depths:3)
  2 giant frogs
  2 killer bees (Forest:5)
  5 jellyfish
  A goliath beetle (Forest:5)
  A big fish (Spider:1)
  2 hounds
  243 jellies
  2 spiders (Vaults:2)
  A worker ant (D:7)
  An orc wizard (D:3)
  A sheep (Spider:3)
  2 mummies (Forest:2)
  A worker ant zombie (D:7)
  An adder (D:8)
  A green rat (Lair:3)
  A shadow imp (Zot:5)
  A giant mite (Forest:2)
  3 worms
  A scorpion zombie (D:6)
  A giant eyeball (Depths:5)
  A giant gecko (D:2)
  An ooze (D:4)
  5 orcs
  A ball python (D:3)
  3 bats
  A giant cockroach (D:8)
  A goblin (D:3)
  2 hobgoblins
  5 giant spores
  2 jackals (D:7)
  A kobold (D:6)
  A lurking horror (Abyss:1)
  An orc skeleton (D:9)
  A rat (D:6)
  7 ballistomycetes
  A bush (Lair:7)
  2 butterflies
  A crawling corpse (Elf:3)
  190 eldritch tentacle segments (Forest:2)
  10 fungi
  20 plants
  7 snaplasher vine segments
  2 starspawn tentacles (Abyss:1)
  4 tentacles (Shoals:1)
  28 tentacle segments (Shoals:1)
  1889 toadstools
2597 creatures vanquished.

Grand Total: 6212 creatures vanquished

Notes
Turn   | Place    | Note
--------------------------------------------------------------
     0 | D:1      | M4edhros, the Octopode Venom Mage, began the quest for the Orb.
     0 | D:1      | Reached XP level 1. HP: 11/11 MP: 3/3
   107 | D:1      | Reached skill level 5 in Poison Magic
   267 | D:1      | Reached XP level 2. HP: 15/17 MP: 2/4
   658 | D:2      | Reached skill level 1 in Conjurations
   941 | D:2      | Reached XP level 3. HP: 14/21 MP: 6/6
   973 | D:2      | Found an ancient bone altar of Kikubaaqudgha.
  1011 | D:2      | Found a radiant altar of Vehumet.
  1011 | D:2      | Found a glowing silver altar of Zin.
  1423 | D:3      | Reached XP level 4. HP: 27/27 MP: 2/8
  1436 | D:3      | Found a blossoming altar of Fedhas.
  1437 | D:3      | Noticed a centaur
  1488 | D:3      | Learned a level 3 spell: Mephitic Cloud
  1499 | D:3      | Reached skill level 11 in Conjurations
  1499 | D:3      | Reached XP level 5. HP: 31/31 MP: 9/9
  1510 | D:3      | Killed a centaur
  1518 | D:3      | Became a worshipper of Fedhas Madash
  1904 | D:3      | Learned a level 5 spell: Venom Bolt
  2019 | D:3      | Reached XP level 6. HP: 34/36 MP: 11/11
  2021 | D:3      | Acquired Fedhas' first power
  2185 | D:3      | Gained mutation: You are agile. (Dex +2) [potion of beneficial mutation]
  2993 | D:4      | Noticed a phantom
  3018 | D:4      | Killed a phantom
  3032 | D:4      | Reached skill level 1 in Invocations
  3032 | D:4      | Reached XP level 7. HP: 34/41 MP: 14/14
  3203 | D:4      | Learned a level 3 spell: Regeneration
  3412 | D:4      | Acquired Fedhas' second power
  3619 | D:5      | Entered Level 5 of the Dungeon
  3624 | D:5      | Noticed Bastard's ghost (experienced LOBe)
  3657 | D:5      | Killed Bastard's ghost
  3793 | D:5      | Found a staircase to the Ecumenical Temple.
  4326 | D:5      | Reached XP level 8. HP: 35/46 MP: 13/17
  4327 | D:5      | Acquired Fedhas' third power
  4773 | D:6      | Found a glowing golden altar of the Shining One.
  5133 | D:6      | Noticed M4edhros' ghost (experienced OpVM)
  5193 | D:6      | Killed M4edhros' ghost
  5263 | D:6      | Reached skill level 12 in Conjurations
  5328 | D:6      | Found a burning altar of Makhleb.
  5580 | D:6      | Gained mutation: You possess an exceptional clarity of mind. [potion of mutation]
  5580 | D:6      | Gained mutation: Your spells are a little harder to cast, but a little more powerful. [potion of mutation]
  5581 | D:6      | Lost mutation: Your spells are a little harder to cast, but a little more powerful. [potion of cure mutation]
  5581 | D:6      | Lost mutation: You possess an exceptional clarity of mind. [potion of cure mutation]
  5581 | D:6      | Lost mutation: You are agile. (Dex +2) [potion of cure mutation]
  5661 | D:7      | Reached XP level 9. HP: 49/51 MP: 20/20
  5780 | D:7      | Found a snail-covered altar of Cheibriados.
  5906 | D:7      | Paralysed by a giant eyeball for 2 turns
  6075 | D:8      | Paralysed by a giant eyeball for 3 turns
  6308 | D:8      | Gained mutation: Your spells are a little harder to cast, but a little more powerful. [mutagenic meat]
  6309 | D:8      | Gained mutation: You are robust (+10% HP). [mutagenic meat]
  6310 | D:8      | Gained mutation: You have a fast metabolism. [mutagenic meat]
  6405 | D:8      | Paralysed by a potion of paralysis for 4 turns
  6409 | D:8      | Found a shattered altar of Ashenzari.
  6637 | D:8      | Found a shattered altar of Ashenzari.
  6638 | D:8      | Reached skill level 5 in Spellcasting
  6693 | D:8      | Identified a +0 rod of the swarm (9/9) (You found it on level 8 of the Dungeon)
  7442 | D:9      | Noticed a skeletal warrior
  7495 | D:9      | Reached XP level 10. HP: 20/61 MP: 22/22
  7668 | D:9      | Reached skill level 5 in Invocations
  7985 | D:9      | Reached skill level 1 in Charms
  8111 | D:9      | Found Etamofim's Magic Scroll Shop.
  8129 | D:9      | Reached skill level 1 in Necromancy
  8143 | D:9      | Bought 3 scrolls of fear for 157 gold pieces
  8218 | D:9      | Killed a skeletal warrior
  8479 | D:10     | Entered Level 10 of the Dungeon
  8496 | D:10     | Found a basalt altar of Yredelemnul.
  8549 | D:10     | Noticed Erica
  8556 | D:10     | Killed Erica
  8749 | D:10     | Found a staircase to the Lair.
  8832 | D:10     | Noticed Urug
  8847 | D:10     | Killed Urug
  9089 | D:10     | Reached XP level 11. HP: 58/67 MP: 1/23
  9195 | D:10     | Found a staircase to the Orcish Mines.
  9436 | D:12     | Noticed a hill giant
  9440 | D:12     | Killed a hill giant
  9443 | D:12     | Acquired Fedhas' fourth power
  9985 | D:11     | Noticed a five-headed hydra
 10341 | D:12     | Noticed an unseen horror
 10346 | D:12     | Killed an unseen horror
 10405 | D:12     | Paralysed by a giant eyeball for 3 turns
 10696 | Lair:1   | Entered Level 1 of the Lair of Beasts
 11086 | D:10     | Learned a level 2 spell: Cure Poison
 11091 | D:10     | Learned a level 4 spell: Olgreb's Toxic Radiance
 11176 | Lair:1   | Noticed Fannar
 11179 | Lair:1   | Reached skill level 10 in Invocations
 11181 | Lair:1   | Killed Fannar
 11779 | Lair:2   | Noticed a six-headed hydra
 11789 | Lair:2   | Killed a six-headed hydra
 11871 | Lair:2   | Reached XP level 12. HP: 56/72 MP: 26/26
 12028 | Lair:2   | Acquired Fedhas' fifth power
 12090 | Lair:2   | Learned a level 4 spell: Throw Icicle
 12250 | Lair:2   | Reached skill level 1 in Ice Magic
 12439 | Lair:3   | Noticed a four-headed hydra
 12458 | Lair:3   | Killed a five-headed hydra
 12458 | Lair:3   | Reached skill level 5 in Dodging
 12519 | Lair:3   | Noticed Rupert
 12521 | Lair:3   | Lost mutation: You have a fast metabolism. [potion of cure mutation]
 12521 | Lair:3   | Lost mutation: Your spells are a little harder to cast, but a little more powerful. [potion of cure mutation]
 12521 | Lair:3   | Lost mutation: You are robust (+10% HP). [potion of cure mutation]
 12540 | Lair:3   | Killed Rupert
 12540 | Lair:3   | Reached skill level 1 in Air Magic
 12793 | Lair:3   | Found a staircase to the Shoals.
 13166 | Lair:4   | Noticed Bastard's ghost (powerful LOFi)
 13190 | Lair:4   | Killed Bastard's ghost
 13626 | Lair:4   | Noticed a six-headed hydra
 13788 | Lair:4   | Killed a six-headed hydra
 14152 | Lair:4   | Learned a level 6 spell: Poisonous Cloud
 14233 | Lair:4   | Identified a scroll of acquirement
 14268 | Lair:4   | Reached skill level 5 in Ice Magic
 14771 | Lair:5   | Found a hole to the Spider Nest.
 14784 | Lair:5   | Noticed a six-headed hydra
 14789 | Lair:5   | Killed a six-headed hydra
 14935 | Lair:5   | Reached XP level 13. HP: 67/71 MP: 28/28
 15468 | Lair:6   | Identified a +0 rod of fiery destruction (10/10) (You found it on level 6 of the Lair of Beasts)
 15617 | Lair:6   | Got a smoking quarterstaff
 15912 | Lair:6   | Identified the cursed -1,+2 quarterstaff of Khavaci {antimagic, rF+ Int+2} (You found it on level 6 of the Lair of Beasts)
 16900 | Lair:7   | Was placed under penance by Fedhas
 17528 | Lair:8   | Entered Level 8 of the Lair of Beasts
 17676 | Lair:8   | Reached skill level 5 in Air Magic
 17688 | Lair:8   | Reached skill level 10 in Poison Magic
 17822 | Lair:8   | Was forgiven by Fedhas
 17900 | Lair:8   | Found a staircase to the Slime Pits.
 17901 | Lair:8   | Found a viscous altar of Jiyva.
 18292 | Lair:8   | Reached XP level 14. HP: 39/76 MP: 3/30
 19186 | Lair:8   | Got a twitching ivory ring
 19189 | Lair:8   | Identified the ring of Teor {rF+ rC+ MP+9} (You found it on level 8 of the Lair of Beasts)
 19519 | Lair:1   | Learned a level 6 spell: Poison Arrow
 19848 | Orc:1    | Entered Level 1 of the Orcish Mines
 20000 | Orc:1    | Found a burning altar of Makhleb.
 20990 | Orc:3    | Noticed Gastronok
 20997 | Orc:3    | Killed Gastronok
 20998 | Orc:3    | Noticed Donald
 21013 | Orc:3    | Killed Donald
 21287 | Orc:3    | Noticed Maurice
 21293 | Orc:3    | Killed Maurice
 21710 | Orc:4    | Entered Level 4 of the Orcish Mines
 21823 | Orc:4    | Noticed an orc warlord
 21825 | Orc:4    | Noticed Nergalle
 21854 | Orc:4    | Killed an orc warlord
 21861 | Orc:4    | Killed Nergalle
 22017 | Orc:4    | Reached skill level 10 in Ice Magic
 22024 | Orc:4    | Found a roughly hewn altar of Beogh.
 22273 | Orc:4    | Found Heliv's Book Shoppe.
 22286 | Orc:4    | Found Qighon's General Store.
 22360 | Orc:4    | Found a white marble altar of Elyvilon.
 22729 | Orc:4    | Found a staircase to the Elven Halls.
 22783 | Orc:4    | Found Stiaschu's Antique Weapon Shoppe.
 22799 | Orc:4    | Found Pnoyggaf's Antique Armour Shoppe.
 22837 | Orc:4    | Bought a bread ration for 64 gold pieces
 22882 | Elf:1    | Entered Level 1 of the Elven Halls
 22910 | Elf:1    | Noticed a deep elf sorcerer
 22917 | Elf:1    | Killed a deep elf sorcerer
 23079 | Elf:1    | Noticed an azure jelly
 23083 | Elf:1    | Killed an azure jelly
 23130 | Elf:1    | Found a frozen archway.
 23141 | IceCv    | Entered an ice cave
 23150 | IceCv    | Reached XP level 15. HP: 81/81 MP: 3/32
 23940 | Elf:1    | Got an iridescent bow
 24098 | Elf:1    | Noticed a deep elf sorcerer
 24103 | Elf:1    | Killed a deep elf sorcerer
 24439 | Elf:1    | Reached skill level 13 in Conjurations
 24611 | Elf:1    | Reached skill level 10 in Spellcasting
 24953 | Elf:2    | Found Kloife Cefi's Jewellery Emporium.
 24964 | Elf:2    | Bought the ring of the Mage {Wiz MR+ Int+3} for 883 gold pieces
 24970 | Elf:2    | Bought an uncursed ring of sustenance for 280 gold pieces
 24986 | Elf:3    | Entered Level 3 of the Elven Halls
 25038 | Elf:3    | Found a magical portal.
 25047 | WizLab   | Entered a wizard's laboratory
 25614 | Elf:3    | Found Twameg's Armour Shoppe.
 25824 | Elf:3    | Found Nuwohum's Armour Shoppe.
 26011 | Elf:3    | Gained mutation: Your body is slowly deteriorating. [mutagenic meat]
 26012 | Elf:3    | Gained mutation: One of your tentacles bears a spike. [mutagenic meat]
 26013 | Elf:3    | Gained mutation: One of your tentacles bears a nasty spike. [mutagenic meat]
 26453 | Elf:3    | Noticed a deep elf blademaster
 26458 | Elf:3    | Noticed a deep elf sorcerer
 26460 | Elf:3    | Killed a deep elf sorcerer
 26495 | Elf:3    | Noticed a deep elf sorcerer
 26510 | Elf:3    | Noticed a deep elf sorcerer
 26522 | Elf:3    | Killed a deep elf sorcerer
 26526 | Elf:3    | Killed a deep elf sorcerer
 26582 | Elf:3    | Reached skill level 10 in Dodging
 26585 | Elf:3    | Reached XP level 16. HP: 86/86 MP: 33/33
 26646 | Elf:3    | Gained mutation: Your spells are a little harder to cast, but a little more powerful. [mutagenic meat]
 26937 | Elf:3    | Noticed a deep elf blademaster
 26940 | Elf:3    | Noticed a deep elf sorcerer
 26949 | Elf:3    | Killed a deep elf sorcerer
 26992 | Elf:3    | Killed a deep elf blademaster
 27015 | Elf:3    | Noticed a deep elf master archer
 27033 | Elf:3    | Killed a deep elf master archer
 27084 | Elf:3    | Killed a deep elf blademaster
 27090 | Elf:3    | Noticed an Ice Fiend
 27243 | Elf:3    | Noticed a deep elf sorcerer
 27258 | Elf:3    | Killed a deep elf sorcerer
 27334 | Elf:3    | Cast into the Abyss (deep elf demonologist)
 27405 | Elf:3    | Escaped the Abyss
 27415 | Elf:3    | Got a fine granite ring
 27416 | Elf:3    | Identified the ring of Loge {+Rage +Fly rElec rF+ Int+3} (You took it off a deep elf demonologist on level 3 of the Elven Halls)
 27462 | Elf:3    | Noticed a deep elf master archer
 27470 | Elf:3    | Killed a deep elf master archer
 27536 | Elf:3    | Noticed a deep elf sorcerer
 27547 | Elf:3    | Killed a deep elf sorcerer
 27756 | Elf:3    | Noticed a deep elf sorcerer
 27774 | Elf:3    | Noticed a deep elf sorcerer
 27779 | Elf:3    | Killed a deep elf sorcerer
 27911 | Elf:3    | Got an ancient morningstar
 27943 | Elf:3    | Killed a deep elf sorcerer
 28002 | Elf:3    | Got a sparkling granite ring
 28224 | Elf:3    | Got a polished blowgun
 28267 | Elf:3    | Learned a level 5 spell: Ignite Poison
 28300 | Elf:3    | Identified the ring "Wuzitap" {Ice Str+3 Dex+1} (You found it on level 3 of the Elven Halls)
 28404 | Elf:3    | Got an ivory battleaxe
 28907 | Lair:1   | Identified the +5,+5 battleaxe "Schas" {antimagic, +Inv rElec rF- MR++} (You took it off a deep elf conjurer on level 3 of the Elven Halls)
 28909 | Lair:1   | Identified the +1,+5 bow of Cyngaw Seim {frost, rElec rF++} (You found it on level 1 of the Elven Halls)
 28911 | Lair:1   | Identified the +8 blowgun "Dragon's Tongue" {evade, rElec Str+4} (You found it on level 3 of the Elven Halls)
 29134 | Orc:4    | Learned a level 6 spell: Deflect Missiles
 29181 | Orc:4    | Bought an apple for 12 gold pieces
 29442 | Spider:1 | Entered Level 1 of the Spider Nest
 29764 | D:13     | Reached skill level 1 in Transmutations
 29852 | D:13     | Noticed a hill giant
 29867 | D:13     | Killed a hill giant
 29997 | D:13     | Noticed a giant amoeba
 30007 | D:13     | Killed a giant amoeba
 30066 | D:13     | Noticed a centaur warrior
 30066 | D:13     | Noticed a hill giant
 30071 | D:13     | Killed a centaur warrior
 30078 | D:13     | Killed a hill giant
 30146 | D:13     | Noticed a flayed ghost
 30152 | D:13     | Killed a flayed ghost
 30779 | D:13     | Noticed an unseen horror
 30790 | D:13     | Killed an unseen horror
 31122 | Lair:1   | Learned a level 4 spell: Throw Icicle
 31503 | D:14     | Reached XP level 17. HP: 65/90 MP: 35/35
 32364 | D:15     | Entered Level 15 of the Dungeon
 32395 | D:15     | Gained mutation: Your body is misshapen. [mutagenic meat]
 32444 | D:15     | Reached skill level 5 in Transmutations
 32864 | D:15     | Reached XP level 18. HP: 96/96 MP: 37/37
 32876 | D:15     | Lost mutation: Your spells are a little harder to cast, but a little more powerful. [helix card]
 32876 | D:15     | Gained mutation: You are clumsy. (Dex -2) [helix card]
 32884 | D:15     | Reached skill level 14 in Dodging
 32884 | D:15     | Reached XP level 19. HP: 100/100 MP: 38/38
 33185 | D:15     | Gained mutation: You cover ground quickly. [mutagenic meat]
 33186 | D:15     | Lost mutation: You are clumsy. (Dex -2) [mutagenic meat]
 33472 | D:15     | Found a gate to the Vaults.
 33857 | D:16     | Entered Level 16 of the Dungeon
 33874 | D:16     | Identified a +1 rod of venom (11/11) (You found it on level 16 of the Dungeon)
 34138 | D:16     | Learned a level 2 spell: Swiftness
 34169 | D:16     | Noticed Josephine
 34180 | D:16     | Killed Josephine
 34938 | D:16     | Found a staircase to the Depths.
 35382 | D:16     | Reached skill level 5 in Charms
 35553 | Depths:1 | Entered Level 1 of the Depths
 36337 | Spider:1 | Noticed Snorg
 36415 | Spider:1 | Killed Snorg
 38320 | Spider:3 | Noticed Arachne
 38338 | Spider:3 | Killed Arachne
 38488 | Spider:3 | Noticed Mara
 38491 | Spider:3 | Noticed Mara
 38814 | Orc:4    | Learned a level 6 spell: Haste
 38825 | Orc:4    | Learned a level 6 spell: Iron Shot
 39326 | Spider:3 | Killed Mara
 40083 | Spider:3 | Cast into the Abyss (a Zot trap)
 40181 | Abyss:1  | Noticed a bone dragon
 40199 | Spider:3 | Escaped the Abyss
 40254 | Spider:3 | Got an ancient battleaxe
 40255 | Spider:3 | Identified the +8,+7 battleaxe "Aguv" {antimagic, +Inv rN+ Int+2} (You found it on level 3 of the Spider Nest)
 41275 | Shoals:1 | Entered Level 1 of the Shoals
 41465 | Shoals:1 | Noticed miro's ghost (powerful DEWz)
 41470 | Shoals:1 | Killed miro's ghost
 42531 | Shoals:5 | Entered Level 5 of the Shoals
 42617 | Shoals:5 | Reached XP level 20. HP: 106/106 MP: 26/39
 42980 | Shoals:5 | Got a barnacled rune of Zot
 43336 | Shoals:5 | Noticed Nikola
 43482 | Shoals:5 | Killed Nikola
 44558 | Shoals:5 | Noticed Jorgrun
 44724 | Shoals:5 | Noticed Ilsuiw
 44729 | Shoals:5 | Killed Ilsuiw
 44735 | Shoals:5 | Reached skill level 15 in Ice Magic
 45365 | Shoals:5 | Killed Jorgrun
 45876 | Shoals:5 | Noticed Louise
 45896 | Shoals:5 | Killed Louise
 46690 | Vaults:1 | Entered Level 1 of the Vaults
 46732 | Vaults:1 | Reached skill level 15 in Spellcasting
 46801 | Vaults:1 | Gained mutation: You have a pair of small antennae on your head. [mutagenic meat]
 46813 | Vaults:1 | Gained mutation: Your body is deteriorating. [mutagenic meat]
 46814 | Vaults:1 | Gained mutation: You can breathe flames. [mutagenic meat]
 46815 | Vaults:1 | Lost mutation: Your body is deteriorating. [mutagenic meat]
 47174 | Vaults:1 | Reached skill level 15 in Conjurations
 49119 | Vaults:2 | Noticed Aizul
 49127 | Vaults:2 | Killed Aizul
 49603 | Vaults:2 | Lost mutation: Your body is misshapen. [mutagenic meat]
 49605 | Vaults:2 | Gained mutation: You are weak. (Str -2) [mutagenic meat]
 49854 | Vaults:2 | Reached XP level 21. HP: 81/110 MP: 21/41
 50585 | Vaults:2 | Reached skill level 16 in Ice Magic
 50846 | Vaults:2 | Found a glowing silver altar of Zin.
 51124 | Vaults:2 | Found a staircase to the Enchanted Forest.
 51359 | Vaults:2 | Reached skill level 1 in Fighting
 51633 | Vaults:3 | Gained mutation: You evolve. [mutagenic meat]
 51634 | Vaults:3 | Lost mutation: Your body is slowly deteriorating. [mutagenic meat]
 51635 | Vaults:3 | Lost mutation: You are weak. (Str -2) [mutagenic meat]
 52184 | Vaults:3 | Identified the Papyrus of Evil Rituals
 52210 | Vaults:3 | Gained mutation: You have a fast metabolism. [evolution]
 53003 | Vaults:3 | Found a staircase to the Hall of Blades.
 54169 | Vaults:4 | Gained mutation: Your flesh is heat resistant. [mutagenic meat]
 54229 | Vaults:4 | Reached skill level 5 in Fighting
 54248 | Vaults:4 | Noticed Saint Roka
 54252 | Vaults:4 | Cast into the Abyss (Saint Roka)
 54514 | Abyss:1  | Gained mutation: Your vision is a little blurry. [a neqoxec]
 54812 | Abyss:1  | Found a deep blue altar of Sif Muna.
 54853 | Abyss:1  | Found a corrupted altar of Lugonu.
 54919 | Abyss:1  | Found a corrupted altar of Lugonu.
 55053 | Vaults:4 | Escaped the Abyss
 55222 | Vaults:4 | Killed Saint Roka
 55802 | Vaults:4 | Reached XP level 22. HP: 131/131 MP: 14/41
 56202 | Vaults:4 | Reached skill level 17 in Ice Magic
 56690 | Vaults:4 | Gained mutation: Your system is resistant to poisons. [mutagenic meat]
 57319 | Vaults:5 | Entered Level 5 of the Vaults
 58518 | Spider:5 | Entered Level 5 of the Spider Nest
 58639 | Spider:5 | Noticed Wiglaf
 58900 | Spider:5 | Killed Wiglaf
 60824 | Spider:5 | Got a gossamer rune of Zot
 61310 | Elf:2    | Bought an uncursed ring of wizardry for 480 gold pieces
 61458 | Elf:2    | Reached skill level 18 in Ice Magic
 61546 | Elf:2    | Gained mutation: You are partially covered in rugged brown scales (AC +1, +3% HP). [evolution]
 63170 | Lair:1   | Learned a level 9 spell: Ice Storm
 63741 | Depths:1 | Lost mutation: Your vision is a little blurry. [mutagenic meat]
 64017 | Depths:1 | Reached skill level 1 in Earth Magic
 64357 | Depths:1 | Reached skill level 5 in Necromancy
 64379 | Depths:1 | Found a gateway to Hell.
 64624 | Depths:1 | Found Kaxin's Assorted Antiques.
 64704 | Depths:1 | Gained mutation: You are surrounded by a mild repulsion field (EV +2). [mutagenic meat]
 64705 | Depths:1 | Lost mutation: You are surrounded by a mild repulsion field (EV +2). [mutagenic meat]
 64707 | Depths:1 | Lost mutation: You are partially covered in rugged brown scales (AC +1, +3% HP). [mutagenic meat]
 64708 | Depths:1 | Gained mutation: Your body is slowly deteriorating. [mutagenic meat]
 64709 | Depths:1 | Gained mutation: Your vision is a little blurry. [mutagenic meat]
 64773 | Depths:1 | Lost mutation: You evolve. [mutagenic meat]
 64774 | Depths:1 | Gained mutation: Your mind is acute. (Int +2) [mutagenic meat]
 64782 | Depths:1 | Lost mutation: You have a fast metabolism. [mutagenic meat]
 64784 | Depths:1 | Gained mutation: You have a slow metabolism. [mutagenic meat]
 64792 | Depths:1 | Gained mutation: You are frail (-10% HP). [mutagenic meat]
 64793 | Depths:1 | Lost mutation: You are frail (-10% HP). [mutagenic meat]
 64795 | Depths:1 | Gained mutation: You are partially covered in thin metallic scales (AC +2). [mutagenic meat]
 65268 | Depths:1 | Reached XP level 23. HP: 131/134 MP: 5/42
 65312 | Depths:1 | Lost mutation: One of your tentacles bears a nasty spike. [mutagenic meat]
 65314 | Depths:1 | Gained mutation: You are resistant to hostile enchantments. [mutagenic meat]
 65326 | Depths:1 | Gained mutation: Your spells are a little harder to cast, but a little more powerful. [mutagenic meat]
 66753 | Depths:2 | Identified the Incunabulum of the Displaced Glacier
 68013 | Depths:2 | Lost mutation: Your mind is acute. (Int +2) [mutagenic meat]
 68155 | Depths:3 | Found a one-way gate to the infinite horrors of the Abyss.
 68163 | Depths:3 | Noticed Margery
 68713 | Depths:3 | Killed Margery
 69221 | Depths:3 | Reached skill level 5 in Earth Magic
 70017 | Depths:3 | Lost mutation: Your body is slowly deteriorating. [mutagenic meat]
 70018 | Depths:3 | Lost mutation: Your system is resistant to poisons. [mutagenic meat]
 70020 | Depths:3 | Lost mutation: You have a slow metabolism. [mutagenic meat]
 70618 | Depths:4 | Noticed Frederick
 70623 | Depths:4 | Killed Frederick
 71257 | Depths:4 | Reached XP level 24. HP: 140/140 MP: 42/42
 72028 | Depths:4 | Found a gateway to a ziggurat.
 73623 | Depths:5 | Reached skill level 10 in Transmutations
 73623 | Depths:5 | Reached XP level 25. HP: 145/145 MP: 22/43
 73626 | Depths:5 | Reached XP level 26. HP: 150/150 MP: 23/43
 74285 | Depths:5 | Found Uxaduare's General Store.
 74294 | Depths:5 | Bought a scroll of blinking for 137 gold pieces
 74294 | Depths:5 | Bought a scroll of fear for 87 gold pieces
 74294 | Depths:5 | Bought a scroll of identify for 50 gold pieces
 74873 | Depths:5 | Found Saleitin's Weapon Shop.
 75267 | Depths:5 | Reached skill level 19 in Ice Magic
 76636 | Depths:5 | Identified Sif Muna's Almanac of Feathers
 76867 | Depths:5 | Learned a level 6 spell: Conjure Ball Lightning
 76871 | Depths:6 | Entered Level 6 of the Depths
 76887 | Depths:6 | Reached XP level 27. HP: 128/155 MP: 13/44
 77098 | Depths:6 | Gained mutation: Your body is misshapen. [a shining eye]
 77266 | Depths:6 | Gained mutation: Your magical capacity is low (-10% MP). [mutagenic meat]
 77267 | Depths:6 | Gained mutation: Your body is slowly deteriorating. [mutagenic meat]
 77269 | Depths:6 | Lost mutation: Your magical capacity is low (-10% MP). [mutagenic meat]
 77477 | Depths:6 | Found a gate to the Realm of Zot.
 78638 | Depths:6 | Reached skill level 10 in Necromancy
 78733 | Depths:6 | Found a corrupted altar of Lugonu.
 82055 | Depths:3 | Identified the Incunabulum of Evil Arts
 82277 | Depths:3 | Gained mutation: You possess an exceptional clarity of mind. [potion of beneficial mutation]
 83624 | Spider:4 | Learned a level 2 spell: Blink
 84411 | Vaults:5 | Reached skill level 1 in Evocations
 85058 | Vaults:5 | Reached skill level 20 in Ice Magic
 85203 | Vaults:5 | Got a steaming jade ring
 85365 | Vaults:5 | Reached skill level 5 in Evocations
 85752 | Vaults:5 | Got a fine amethyst amulet
 85896 | Vaults:5 | Got a crude turquoise ring
 86652 | Vaults:5 | Got a silver rune of Zot
 87496 | Vaults:5 | Identified Phuum's Papyrus of Igneous Combat Magic
 87980 | Vaults:5 | Identified the Catalogue of Attacks (You found it on level 5 of the Vaults)
 88578 | Vaults:5 | Noticed DasRunzen's ghost (mighty LOFi)
 88639 | Vaults:5 | Killed DasRunzen's ghost
 88681 | Vaults:5 | Identified the Reference Book on Bewitchment
 88685 | Vaults:5 | Gained mutation: Your muscles are strong. (Str +2) [potion of mutation]
 88736 | Vaults:5 | Identified Lee's Collected Works on Igneous Battle Magic
 89102 | Vaults:5 | Got an uncursed iridescent dire flail
 89219 | Vaults:4 | Identified the amulet "Xaups" {+Rage rF+} (You took it off a vault guard on level 5 of the Vaults)
 89736 | Vaults:2 | Identified the ring of Zofaziaph {EV-3 Str+5 Int+3} (You took it off a vault guard on level 5 of the Vaults)
 89738 | Vaults:2 | Identified the ring of Hacvel {Hunger Dex+5 Int+2} (You took it off a fire giant on level 5 of the Vaults)
 89769 | Vaults:2 | Identified the +8,+7 dire flail "Nesu" {freeze, *Tele +Blink +Inv rPois MR++ Stlth+} (You took it off a yaktaur on level 5 of the Vaults)
 90446 | Zot:1    | Entered Level 1 of the Realm of Zot
 91054 | Zot:1    | Reached skill level 10 in Evocations
 91290 | Zot:1    | Noticed an orb of fire
 92813 | Orc:4    | Bought a Necronomicon for 1545 gold pieces
 93019 | Lair:1   | Learned a level 8 spell: Lehudib's Crystal Spear
 93419 | Zot:1    | Killed an orb of fire
 99232 | Zot:4    | Identified a +9 rod of inaccuracy (12/12) (You found it on level 4 of the Realm of Zot)
 99448 | Zot:4    | Noticed an orb of fire
 99452 | Zot:4    | Killed an orb of fire
 99908 | Zot:4    | Reached skill level 21 in Ice Magic
100900 | Zot:5    | Entered Level 5 of the Realm of Zot
101615 | D:9      | Bought a scroll of identify for 30 gold pieces
101615 | D:9      | Bought a scroll of identify for 30 gold pieces
101615 | D:9      | Bought a scroll of identify for 30 gold pieces
101615 | D:9      | Bought a scroll of identify for 30 gold pieces
101617 | D:9      | Identified a -3 rod of frigid destruction (14/14) (You took it off a vault guard on level 5 of the Vaults)
102090 | Lair:1   | Learned a level 5 spell: Phase Shift
103647 | Zot:5    | Reached skill level 15 in Evocations
103846 | Zot:4    | Reached skill level 15 in Necromancy
104194 | Zot:5    | Noticed an ancient lich
104199 | Zot:5    | Killed an ancient lich
104837 | Zot:5    | Noticed an orb of fire
104841 | Zot:5    | Killed an orb of fire
104961 | Zot:5    | Noticed an ancient lich
105236 | Zot:5    | Killed an ancient lich
105369 | Zot:5    | Got a dazzling great sword
105373 | Zot:5    | Identified the +2,+6 great sword "Hellblazer" {slice, +Fly SInv} (You took it off a purple draconian on level 5 of the Realm of Zot)
105375 | Zot:5    | Noticed an ancient lich
105380 | Zot:5    | Killed an ancient lich
106260 | Zot:5    | Noticed an orb of fire
106260 | Zot:5    | Gained mutation: You have a fast metabolism. [an orb of fire]
106263 | Zot:5    | Killed an orb of fire
107417 | Lair:8   | Fell from the grace of Fedhas
107417 | Lair:8   | Became a worshipper of Jiyva Juhimoid the Shapeless
107894 | Lair:6   | Acquired Jiyva's first power
108485 | Lair:4   | Acquired Jiyva's second power
109048 | Shoals:2 | Found Jekina's Gadget Shop.
109230 | Shoals:2 | Lost mutation: Your flesh is heat resistant. [Jiyva's grace]
109399 | Shoals:2 | Acquired Jiyva's third power
109417 | Shoals:2 | Lost mutation: Your vision is a little blurry. [Jiyva's grace]
109741 | Shoals:3 | Noticed Polyphemus
109935 | Shoals:3 | Killed Polyphemus
109951 | Shoals:3 | Gained mutation: You have a small jelly attached to you that may absorb incoming projectiles. [Jiyva's grace]
109953 | Shoals:3 | Acquired Jiyva's fourth power
109955 | Shoals:3 | Lost mutation: Your body is misshapen. [Jiyva's power]
110229 | Shoals:3 | Lost mutation: You can breathe flames. [Jiyva's grace]
110307 | Shoals:4 | Noticed Agnes
110309 | Shoals:4 | Killed Agnes
110423 | Shoals:4 | Lost mutation: Your body is slowly deteriorating. [Jiyva's power]
110463 | Shoals:4 | Lost mutation: You have a pair of small antennae on your head. [Jiyva's grace]
110687 | Shoals:4 | Gained mutation: Your flesh is cold resistant. [Jiyva's grace]
110914 | Shoals:5 | Lost mutation: You have a fast metabolism. [Jiyva's power]
110944 | Shoals:5 | Lost mutation: You are partially covered in thin metallic scales (AC +2). [Jiyva's grace]
110986 | Shoals:5 | Lost mutation: One of your tentacles bears a spike. [Jiyva's grace]
111247 | Spider:1 | Lost mutation: Your muscles are strong. (Str +2) [Jiyva's grace]
112195 | Spider:4 | Lost mutation: You possess an exceptional clarity of mind. [Jiyva's grace]
112459 | Spider:5 | Lost mutation: Your spells are a little harder to cast, but a little more powerful. [Jiyva's grace]
112554 | Spider:5 | Lost mutation: You have a small jelly attached to you that may absorb incoming projectiles. [Jiyva's grace]
113483 | Lair:3   | Lost mutation: Your flesh is cold resistant. [Jiyva's grace]
113880 | Lair:1   | Learned a level 7 spell: Haunt
113953 | D:9      | Gained mutation: You have a small jelly attached to you that may absorb incoming projectiles. [Jiyva's grace]
114446 | D:9      | Lost mutation: You are resistant to hostile enchantments. [Jiyva's grace]
114960 | D:1      | Gained mutation: You are partially covered in rough black scales (AC +4, Dex -1). [Jiyva's grace]
116062 | D:3      | Gained mutation: One of your tentacles bears a spike. [Jiyva's grace]
117301 | D:5      | Gained mutation: Your muscles are strong. (Str +2) [Jiyva's grace]
118139 | D:6      | Gained mutation: Thin tendrils of slime have grown from your body. [Jiyva's grace]
119649 | D:8      | Lost mutation: Thin tendrils of slime have grown from your body. [Jiyva's grace]
120587 | D:11     | Gained mutation: You can spit poison. [Jiyva's grace]
120671 | D:11     | Found a portal to a secret trove of treasure.
120805 | D:9      | Lost mutation: You can spit poison. [Jiyva's grace]
120839 | D:9      | Bought a scroll of enchant armour for 82 gold pieces
121430 | Zot:4    | Gained mutation: Your natural rate of healing is unusually fast. [Jiyva's grace]
121453 | Zot:4    | Gained mutation: You are partially covered in molten scales (AC +1). [Jiyva's grace]
121473 | Zot:4    | Gained mutation: One of your tentacles bears a nasty spike. [Jiyva's grace]
121523 | Zot:4    | Gained mutation: You are agile. (Dex +2) [Jiyva's grace]
122256 | Zot:5    | Noticed an orb of fire
122258 | Zot:5    | Killed an orb of fire
122258 | Zot:5    | Reached skill level 1 in Shields
122258 | Zot:5    | Was placed under penance by Jiyva
122419 | Zot:5    | Reached skill level 1 in Summonings
122993 | Zot:4    | Was forgiven by Jiyva
123094 | Zot:2    | Lost mutation: You have a small jelly attached to you that may absorb incoming projectiles. [Jiyva's grace]
123299 | Zot:2    | Noticed Tiamat
123307 | Zot:2    | Killed Tiamat
123397 | Zot:2    | Gained mutation: You have acidic saliva. [Jiyva's grace]
124172 | Depths:4 | Lost mutation: You are agile. (Dex +2) [Jiyva's grace]
124257 | Depths:4 | Gained mutation: Your system is resistant to poisons. [Jiyva's grace]
124278 | Depths:4 | Lost mutation: One of your tentacles bears a nasty spike. [Jiyva's grace]
124297 | Depths:4 | Lost mutation: You have acidic saliva. [Jiyva's grace]
124384 | Depths:5 | Gained mutation: Your flesh is heat resistant. [Jiyva's grace]
124513 | Depths:5 | Lost mutation: Your muscles are strong. (Str +2) [Jiyva's grace]
124520 | Depths:5 | Lost mutation: One of your tentacles bears a spike. [Jiyva's grace]
124543 | Depths:5 | Gained mutation: Your body is partially covered in golden eyeballs (Acc +3). [Jiyva's grace]
124562 | Depths:5 | Gained mutation: You are robust (+10% HP). [Jiyva's grace]
124571 | Depths:5 | Lost mutation: Your natural rate of healing is unusually fast. [Jiyva's grace]
124575 | Depths:5 | Lost mutation: You are partially covered in rough black scales (AC +4, Dex -1). [Jiyva's grace]
124614 | Depths:5 | Lost mutation: Your system is resistant to poisons. [Jiyva's grace]
124662 | Depths:5 | Gained mutation: Armour fits poorly on your pseudopods. [Jiyva's grace]
125324 | Depths:4 | Gained mutation: You have a small jelly attached to you that senses nearby items. [Jiyva's grace]
125374 | Depths:3 | Gained mutation: Your spells are a little harder to cast, but a little more powerful. [Jiyva's grace]
125397 | Depths:3 | Lost mutation: Armour fits poorly on your pseudopods. [Jiyva's grace]
125405 | Depths:3 | Gained mutation: Armour fits poorly on your pseudopods. [Jiyva's grace]
125428 | Depths:3 | Lost mutation: Your flesh is heat resistant. [Jiyva's grace]
125682 | Depths:3 | Gained mutation: You have a beak for a mouth. [Jiyva's grace]
126046 | Depths:3 | Lost mutation: You are robust (+10% HP). [Jiyva's grace]
126098 | Depths:4 | Lost mutation: Your spells are a little harder to cast, but a little more powerful. [Jiyva's grace]
126108 | Depths:4 | Lost mutation: You are partially covered in molten scales (AC +1). [Jiyva's grace]
126404 | Depths:2 | Gained mutation: Your mind is acute. (Int +2) [Jiyva's grace]
126467 | Depths:2 | Gained mutation: You are partially covered in slimy green scales (AC +2). [Jiyva's grace]
126582 | Depths:2 | Lost mutation: Your mind is acute. (Int +2) [Jiyva's grace]
126920 | Depths:1 | Gained mutation: You are partially covered in rugged brown scales (AC +1, +3% HP). [Jiyva's grace]
126936 | Depths:1 | Gained mutation: Your mind is acute. (Int +2) [Jiyva's grace]
127137 | Depths:1 | Gained mutation: You can spit poison. [Jiyva's grace]
127391 | D:16     | Lost mutation: Your body is partially covered in golden eyeballs (Acc +3). [Jiyva's grace]
127582 | D:16     | Lost mutation: You have a small jelly attached to you that senses nearby items. [Jiyva's grace]
128041 | D:15     | Lost mutation: Your mind is acute. (Int +2) [Jiyva's grace]
128643 | Vaults:1 | Gained mutation: Thin tendrils of slime have grown from your body. [Jiyva's grace]
128714 | Vaults:1 | Lost mutation: You can spit poison. [Jiyva's grace]
128772 | Vaults:1 | Gained mutation: One of your tentacles bears a spike. [Jiyva's grace]
128893 | Vaults:1 | Gained mutation: You have a slow metabolism. [Jiyva's grace]
129030 | Vaults:2 | Lost mutation: Armour fits poorly on your pseudopods. [Jiyva's grace]
129065 | Vaults:2 | Gained mutation: Your body is misshapen. [Jiyva's grace]
129146 | Vaults:2 | Gained mutation: You evolve. [Jiyva's grace]
129176 | Vaults:2 | Gained mutation: Your pliable body absorbs attacks (AC +1, EV +1). [Jiyva's grace]
129208 | Vaults:2 | Lost mutation: Your body is misshapen. [Jiyva's grace]
129273 | Vaults:2 | Gained mutation: You are agile. (Dex +2) [Jiyva's grace]
129299 | Vaults:2 | Gained mutation: You can spit poison. [evolution]
129609 | Vaults:3 | Lost mutation: Your pliable body absorbs attacks (AC +1, EV +1). [Jiyva's grace]
129671 | Vaults:3 | Gained mutation: One of your tentacles bears a nasty spike. [Jiyva's grace]
129684 | Vaults:3 | Lost mutation: You are agile. (Dex +2) [Jiyva's grace]
130056 | Vaults:4 | Lost mutation: You are partially covered in rugged brown scales (AC +1, +3% HP). [Jiyva's grace]
130088 | Vaults:4 | Lost mutation: One of your tentacles bears a nasty spike. [Jiyva's grace]
130099 | Vaults:4 | Gained mutation: You are frail (-10% HP). [Jiyva's grace]
130109 | Vaults:4 | Lost mutation: You are frail (-10% HP). [Jiyva's grace]
130129 | Vaults:4 | Gained mutation: One of your tentacles bears a nasty spike. [Jiyva's grace]
130167 | Vaults:4 | Gained mutation: You have a small jelly attached to you that may absorb incoming projectiles. [Jiyva's grace]
130193 | Vaults:4 | Gained mutation: You have an increased reservoir of magic (+10% MP). [Jiyva's grace]
130206 | Vaults:4 | Lost mutation: One of your tentacles bears a nasty spike. [Jiyva's grace]
130295 | Vaults:5 | Lost mutation: One of your tentacles bears a spike. [Jiyva's grace]
130299 | Vaults:5 | Lost mutation: You have a beak for a mouth. [Jiyva's grace]
130305 | Vaults:5 | Lost mutation: You can spit poison. [Jiyva's grace]
130311 | Vaults:5 | Gained mutation: You are resistant to electric shocks. [Jiyva's grace]
130313 | Vaults:5 | Lost mutation: You have a slow metabolism. [Jiyva's grace]
130317 | Vaults:5 | Lost mutation: You are resistant to electric shocks. [Jiyva's grace]
130320 | Vaults:5 | Lost mutation: Thin tendrils of slime have grown from your body. [Jiyva's grace]
130323 | Vaults:5 | Gained mutation: Your muscles are strong. (Str +2) [Jiyva's grace]
130339 | Vaults:5 | Lost mutation: You evolve. [Jiyva's grace]
130383 | Vaults:5 | Gained mutation: Your natural rate of healing is unusually fast. [Jiyva's grace]
130483 | Vaults:5 | Lost mutation: Your muscles are strong. (Str +2) [Jiyva's grace]
130534 | Vaults:5 | Lost mutation: Your natural rate of healing is unusually fast. [Jiyva's grace]
131124 | Forest:1 | Entered Level 1 of the Enchanted Forest
131177 | Forest:1 | Lost mutation: You have a small jelly attached to you that may absorb incoming projectiles. [Jiyva's grace]
131205 | Forest:1 | Reached skill level 22 in Conjurations
131459 | Forest:1 | Lost mutation: You cover ground quickly. [Jiyva's grace]
131934 | Forest:1 | Gained mutation: Your body is partially covered in golden eyeballs (Acc +3). [Jiyva's grace]
132064 | Forest:1 | Noticed Mennas
132262 | Forest:1 | Killed Mennas
132437 | Forest:2 | Noticed Petitchka's ghost (great DsBe)
132458 | Forest:2 | Killed Petitchka's ghost
132605 | Forest:2 | Found a staircase to the Tomb.
132730 | Forest:2 | Lost mutation: You have an increased reservoir of magic (+10% MP). [Jiyva's grace]
132909 | Forest:2 | Gained mutation: You are dopey. (Int -2) [Jiyva's grace]
133001 | Forest:2 | Lost mutation: You are dopey. (Int -2) [Jiyva's grace]
133769 | Forest:3 | Lost mutation: You are partially covered in slimy green scales (AC +2). [Jiyva's grace]
133802 | Forest:3 | Gained mutation: You are partially covered in yellow scales (AC +2). [Jiyva's grace]
133890 | Forest:3 | Lost mutation: You are partially covered in yellow scales (AC +2). [Jiyva's grace]
133952 | Forest:3 | Gained mutation: You have a fast metabolism. [Jiyva's grace]
134053 | Forest:3 | Noticed Jory
134080 | Forest:3 | Killed Jory
134278 | Forest:3 | Lost mutation: You have a fast metabolism. [Jiyva's grace]
134657 | Forest:4 | Lost mutation: Your body is partially covered in golden eyeballs (Acc +3). [Jiyva's grace]
134718 | Forest:4 | Reached skill level 5 in Summonings
135350 | Forest:4 | Gained mutation: Your spells are a little harder to cast, but a little more powerful. [Jiyva's grace]
135382 | Forest:5 | Entered Level 5 of the Enchanted Forest
135424 | Forest:5 | Identified a +1 rod of the swarm (13/13) (You found it on level 5 of the Enchanted Forest)
135509 | Forest:5 | Reached skill level 1 in Translocations
135682 | Forest:5 | Slain by an air elemental

Action                   |  1- 3 |  4- 6 |  7- 9 | 10-12 | 13-15 | 16-18 | 19-21 | 22-24 | 25-27 || total
-------------------------+-------+-------+-------+-------+-------+-------+-------+-------+-------++-------
Melee: Unarmed           |    12 |       |       |       |       |       |       |       |       ||    12
       Dagger            |    45 |    73 |    84 |       |       |       |       |       |       ||   202
       Great sword       |       |       |   134 |   319 |   337 |    73 |   352 |       |     8 ||  1223
       Staff             |       |       |       |       |       |   113 |    52 |    65 |    76 ||   306
       Short sword       |       |       |       |       |       |       |       |       |     5 ||     5
 Cast: Sting             |    44 |    40 |    67 |   112 |   107 |    22 |       |       |       ||   392
       Venom Bolt        |       |     3 |     4 |    26 |       |       |       |       |       ||    33
       Mephitic Cloud    |       |     1 |     1 |     9 |    35 |       |       |       |       ||    46
       Regeneration      |       |       |     1 |    22 |    83 |    40 |   110 |    32 |    68 ||   356
       Olgreb's Toxic Ra |       |       |       |    10 |    46 |    12 |       |       |       ||    68
       Throw Icicle      |       |       |       |    28 |   243 |    94 |   646 |   107 |       ||  1118
       Cure Poison       |       |       |       |     5 |    38 |     9 |     1 |       |     8 ||    61
       Poisonous Cloud   |       |       |       |       |    25 |    28 |   107 |    57 |    33 ||   250
       Poison Arrow      |       |       |       |       |    15 |     9 |   135 |   457 |  1262 ||  1878
       Ignite Poison     |       |       |       |       |       |    14 |   101 |    23 |    11 ||   149
       Deflect Missiles  |       |       |       |       |       |     2 |    36 |    42 |    56 ||   136
       Iron Shot         |       |       |       |       |       |       |    43 |    90 |    68 ||   201
       Swiftness         |       |       |       |       |       |       |     7 |     6 |    10 ||    23
       Haste             |       |       |       |       |       |       |     1 |     6 |    14 ||    21
       Lehudib's Crystal |       |       |       |       |       |       |       |       |   106 ||   106
       Ice Storm         |       |       |       |       |       |       |       |       |   101 ||   101
       Blink             |       |       |       |       |       |       |       |       |    14 ||    14
       Conjure Ball Ligh |       |       |       |       |       |       |       |       |    11 ||    11
       Phase Shift       |       |       |       |       |       |       |       |       |     3 ||     3
Invok: Evolution         |       |     4 |     9 |    21 |    30 |     7 |    10 |    10 |    37 ||   128
       Sunlight          |       |       |     7 |    19 |    16 |     4 |    55 |     2 |    30 ||   133
       Reproduction      |       |       |       |       |     2 |     2 |     2 |       |     1 ||     7
       Rain              |       |       |       |       |     8 |     2 |     1 |     2 |     8 ||    21
       Growth            |       |       |       |       |     2 |       |       |       |     2 ||     4
       Request Jelly     |       |       |       |       |       |       |       |       |   140 ||   140
       Cure Bad Mutation |       |       |       |       |       |       |       |       |     3 ||     3
 Abil: Evoke Berserk Rag |       |       |       |       |       |       |     1 |       |       ||     1
       Breathe Fire      |       |       |       |       |       |       |       |     1 |       ||     1
       Evoke Flight      |       |       |       |       |       |       |       |       |     1 ||     1
Evoke: Wand              |       |     2 |     2 |    14 |     9 |     2 |     3 |     2 |    11 ||    45
       Rod               |       |       |     2 |     2 |     4 |       |     4 |     3 |    21 ||    36
       fan of gales      |       |       |       |       |     1 |     1 |     1 |       |       ||     3
       Deck              |       |       |       |       |       |    12 |     1 |       |     4 ||    17
       phial of floods   |       |       |       |       |       |       |       |     1 |       ||     1
  Use: Scroll            |       |     5 |    17 |    12 |    11 |    12 |    15 |    13 |    37 ||   122
       Potion            |       |    11 |     7 |     4 |     3 |     4 |    13 |     4 |     9 ||    55
 Stab: Sleeping          |     1 |     4 |    14 |    13 |     5 |     6 |     6 |       |     3 ||    52
       Confused          |       |       |       |     2 |     4 |     1 |       |       |       ||     7
       Distracted        |       |       |       |       |       |     1 |     1 |       |     2 ||     4
